 Dungeon Crawl Stone Soup version 0.21-a0-529-g8c7b3f5 (webtiles) character file.

70 Amnesiac the Vexing (level 4, -1/44 HPs)
             Began as an Ogre Arcane Marksman on Dec 11, 2017.
             Slain by an adder (3 damage)
             ... on level 1 of the Dungeon.
             The game lasted 00:04:48 (1841 turns).

Amnesiac the Vexing (Ogre Arcane Marksman)          Turns: 1841, Time: 00:04:49

Health: -1/44      AC:  3    Str: 14    XL:     4   Next: 22%
Magic:  6/7        EV: 10    Int: 14    God:
Gold:   94         SH:  0    Dex: 10    Spells: 4/7 levels left

rFire    . . .     SeeInvis .   l - +0 whip
rCold    . . .     Gourm    .   (no shield)
rNeg     . . .     Faith    .   a - +0 robe
rPois    .         Spirit   .   (helmet restricted)
rElec    .         Reflect  .   (no cloak)
rCorr    .         Harm     .   (gloves unavailable)
MR       .....                  (boots unavailable)
Stlth    +.........             (no amulet)
HPRegen  0.14/turn              (no ring)
MPRegen  0.10/turn              (no ring)

@: lethally poisoned (-1 -> -7), very slightly contaminated
A: large, unfitting armour, tough skin 1
a: no special abilities


You were on level 1 of the Dungeon.
You were not hungry.

You visited 1 branch of the dungeon, and saw 2 of its levels.

You collected 94 gold pieces.

Inventory:

Hand Weapons
 l - a +0 whip (weapon)
Missiles
 c - a large rock (quivered)
 d - 2 throwing nets
 j - 37 stones
Armour
 a - a +0 robe (worn)
Scrolls
 i - a scroll of random uselessness {!r, unknown}
 k - a scroll of remove curse {!r, unknown}
 m - a scroll of fear {!r, unknown}
Potions
 e - a potion of flight {!q, unknown}
 n - a potion of brilliance {!q, unknown}
 p - a potion of magic {!q, unknown}
 q - a potion of ambrosia {!q, unknown}
Books
 b - a book of Debilitation

   Spells                             Type                      Level
   a - Corona                         Hexes                        1
   b - Slow                           Hexes                        2
   c - Inner Flame                    Hexes/Fire                   3
   d - Portal Projectile              Hexes/Translocation          3
   e - Cause Fear                     Hexes                        4
   f - Leda's Liquefaction            Hexes/Earth                  4
Comestibles
 f - 3 bread rations
 g - a royal jelly
 h - 2 meat rations
 o - 2 chunks of flesh


   Skills:
 + Level 2.5 Fighting
 * Level 2.7 Throwing
 + Level 2.3 Dodging
 - Level 2.0 Spellcasting
 + Level 3.1 Hexes


You had 4 spell levels left.
You knew the following spells:

 Your Spells              Type           Power        Failure   Level  Hunger
a - Corona                Hex            ##.....      7%          1    ##.....
e - Slow                  Hex            ##......     10%         2    ###....


Dungeon Overview and Level Annotations

Branches:
Dungeon (2/15)

Altars:
Fedhas
Xom

Annotations:
D:2 Sigmund


Innate Abilities, Weirdness & Mutations

You are too large for most types of armour.
You have tough skin. (AC +1)


Message History

The large rock completely misses the adder.
The adder bites you but does no damage. x2; Something hits you.
* * * LOW HITPOINT WARNING * * *
The adder barely misses you. The adder bites you.
* * * LOW HITPOINT WARNING * * *
A magic dart appears from out of thin air!
The magic dart hits you!
* * * LOW HITPOINT WARNING * * *
The adder bites you.
* * * LOW HITPOINT WARNING * * *
There is a stone staircase leading up here.
The adder bites you but does no damage.
You climb upwards.
There is a stone staircase leading down here.
Casting: Corona
Confirm with . or Enter, or press ? or * to list all spells.
Aiming: Corona
Press: ? - help, Shift-Dir - straight line, f - adder
Aim: an adder (lightly wounded, chance to defeat MR: 54%)
You miscast Corona.
You are very lightly contaminated with residual magic.
You feel a bit tired. The adder bites you but does no damage.
Casting: Corona
Confirm with . or Enter, or press ? or * to list all spells.
Aiming: Corona
Press: ? - help, Shift-Dir - straight line, f/p - adder
Aim: an adder (chance to defeat MR: 54%)
The adder is outlined in light.
The adder misses you.
You barely miss the adder. The adder bites you but does no damage.
The adder misses you.
You barely miss the adder. The adder closely misses you.
You hit the adder.
The adder is heavily wounded.
The adder bites you.
* * * LOW HITPOINT WARNING * * *
The adder barely misses you.
You closely miss the adder.
The adder is heavily wounded.
The adder bites you.
* * * LOW HITPOINT WARNING * * *
You hit the adder but do no damage.
The adder is heavily wounded.
The adder bites you.
* * * LOW HITPOINT WARNING * * *
The adder bites you.
* * * LOW HITPOINT WARNING * * *
You are poisoned.
The adder poisons you!
You closely miss the adder.
The adder is heavily wounded.
You feel sick. The adder barely misses you.
You completely miss the adder.
The adder is heavily wounded.
The adder bites you.
* * * LOW HITPOINT WARNING * * *
You are lethally poisoned!
The adder poisons you!
Unknown command.
You barely miss the adder.
The adder is heavily wounded.
* * * LOW HITPOINT WARNING * * *
You feel sick.
The adder stops glowing.
The adder bites you.
You die...

#.########### #.#
#############'#####
#.......##........######
#.......##........##...##
#........................
#######....##..........##.....
#..........##S.........##.....
##.##........@.....######.....
#.##..............# ##>...
#.##..............#######....
#.##.........................
#.##.....###.............####
#.##.....# #.####..........##
#.##.....###.......[.........
#..........#.................
#####......#.................


You could see an adder.

Vanquished Creatures
  2 adders (D:2)
  4 oozes
  A leopard gecko (D:1)
  A ball python (D:1)
  8 goblins
  5 hobgoblins
  4 kobolds
  3 bats (D:2)
  2 frilled lizards
  3 rats
33 creatures vanquished.

Vanquished Creatures (others)
  5 toadstools (D:1)
5 creatures vanquished.

Grand Total: 38 creatures vanquished

Notes
Turn   | Place    | Note
-------+----------+-------------------------------------------
     0 | D:1      | Amnesiac the Ogre Arcane Marksman began the quest for the Orb.
     0 | D:1      | Reached XP level 1. HP: 19/19 MP: 2/2
   147 | D:1      | Reached XP level 2. HP: 26/28 MP: 0/4
   711 | D:1      | Reached XP level 3. HP: 24/35 MP: 3/5
   715 | D:1      | Learned a level 2 spell: Slow
  1213 | D:1      | Found a stormy altar of Qazlal.
  1215 | D:1      | Found an opulent altar of Gozag.
  1215 | D:1      | Found a blossoming altar of Fedhas.
  1217 | D:1      | Found a shimmering altar of Xom.
  1217 | D:1      | Found a blossoming altar of Fedhas.
  1217 | D:1      | Found a white marble altar of Elyvilon.
  1520 | D:2      | Reached skill level 3 in Hexes
  1663 | D:2      | Found a blossoming altar of Fedhas.
  1675 | D:2      | Reached XP level 4. HP: 41/44 MP: 5/7
  1800 | D:2      | Noticed Sigmund
  1841 | D:1      | HP: 2/44 [poisoned by an adder]
  1841 | D:1      | Slain by an adder

Vault maps used:
D:1:      ldierk_walled_garden, doesnt_xom_only_xom
D:2:      fedhas_altar_3, uniq_robin, uniq_sigmund

Skill      XL: |  1  2  3 |
---------------+----------+-----
Dodging        | 2 |  2.3
Fighting       | 2 |  2.5
Hexes          | 3 |  3.1
Spellcasting   | 2 |  2.0
Throwing       | |  2.7

Action                   |  1- 3 |  4- 6 || total
-------------------------+-------+-------++-------
Melee: Unarmed           |    12 |       ||    12
       Dagger            |    75 |       ||    75
       Whip              |    30 |    16 ||    46
Throw: Large rock        |     4 |     3 ||     7
       Stone             |    15 |       ||    15
 Cast: Corona            |    35 |     4 ||    39
  Eat: Chunk             |     3 |     1 ||     4
Armor: Robe              |    30 |     8 ||    38
Dodge: Dodged            |    61 |    14 ||    75

Table legend:
 A = Spawn XP
 B = Non-spawn XP
 C = Spawn XP percentage of total XP
 D = Spawn monster count
 E = Non-spawn monster count
 F = Spawn count percentage of total count
 G = Total turns spent on level
                    A         B        C        D         E        F      G
               +---------+---------+-------+---------+---------+-------+---------
         Total |       0 |     101 |   0.0 |       0 |      33 |   0.0 |  1841
               +---------+---------+-------+---------+---------+-------+---------
           D:1 |       0 |      44 |   0.0 |       0 |      19 |   0.0 |  1499
           D:2 |       0 |      57 |   0.0 |       0 |      14 |   0.0 |   342
               +---------+---------+-------+---------+---------+-------+---------
